 Dungeon Crawl Stone Soup version 0.18.1-48-g4cf74bf (webtiles) character file.

196 Inkary the Covered (level 6, -3/48 HPs)
             Began as a Human Fighter on July 21, 2016.
             Slain by Pikel
             ... wielding a +0 whip of electrocution
              (8 damage)
             ... on level 5 of the Dungeon.
             The game lasted 00:06:55 (2565 turns).

Inkary the Covered (Human Fighter)                  Turns: 2565, Time: 00:06:56

Health: -3/48      AC:  7    Str: 23      XL:     6   Next: 4%
Magic:  5/5        EV:  7    Int: 12 (13) God:
Gold:   227        SH: 10    Dex: 15      Spells: 0 memorised, 5 levels left

rFire  . . .     SeeInvis .     a - +0 long sword
rCold  . . .     Gourm    .     b - +0 scale mail
rNeg   . . .     Faith    .     c - +0 shield
rPois  .         Spirit   .     (no helmet)
rElec  .         Dismiss  .     (no cloak)
rCorr  .         Reflect  .     (no gloves)
SustAt .         Harm     .     (no boots)
MR     .....                    (no amulet)
Stlth  ..........               (no ring)
                                (no ring)

@: mighty, brilliant, drained, not resistant to hostile enchantments, extremely
unstealthy
A: agile 1, deterioration 1, low mp 1
a: no special abilities


You were on level 5 of the Dungeon.
You were hungry.

You visited 1 branch of the dungeon, and saw 6 of its levels.

You collected 227 gold pieces.

Inventory:

Hand Weapons
 a - a +0 long sword (weapon)
Armour
 b - a +0 scale mail (worn)
 c - a +0 shield (worn)
Jewellery
 q - an uncursed ring of flight {unknown}
Scrolls
 e - a scroll of noise {unknown}
 i - 3 scrolls of identify {unknown}
 m - a scroll of teleportation {unknown}
 n - a scroll of blinking {unknown}
 o - 2 scrolls of remove curse {unknown}
 s - a scroll of enchant weapon {unknown}
 u - a scroll of fog {unknown}
Potions
 j - a potion of agility {unknown}
 l - a potion of magic {unknown}
 r - a potion of mutation
 v - a potion of brilliance
Comestibles
 f - 3 bread rations
 g - a slice of pizza
 k - a meat ration
 p - 4 fruits


   Skills:
 + Level 3.9(3.8) Fighting
 + Level 3.5(3.3) Long Blades
 + Level 4.1(4.0) Armour
 + Level 3.8(3.6) Shields


You had 5 spell levels left.
You didn't know any spells.

Dungeon Overview and Level Annotations

Branches:
Dungeon (6/15)
 Temple: D:4-7

Altars:
Trog

Annotations:
D:5 Pikel


Innate Abilities, Weirdness & Mutations

You are agile. (Dex +2)
Your body sometimes deteriorates upon taking damage.
Your magical capacity is low (-10% MP).


Message History

Pikel is moderately wounded.
You block Pikel's attack.
You closely miss Pikel.
Pikel is moderately wounded.
You block Pikel's attack.
You barely miss Pikel.
Pikel is moderately wounded.
You feel sick. You block Pikel's attack. x2
You slash Pikel!
Pikel is heavily wounded.
You block Pikel's attack.
You slash Pikel!
Pikel is severely wounded.
You block Pikel's attack.
You barely miss Pikel.
Pikel is severely wounded.
You feel sick.
You are no longer poisoned.
Pikel hits you with a whip of electrocution!
You die...

####.#.###...#
.....#.##..[.####
#.............
#.#.##.#..###
#.##p# ... #.##p#
# #.##p# #.##K#
#.##@# #.##.#
#....# #....#
....# ##.#..
#.### #.


You could see Pikel and 3 slaves.

Vanquished Creatures
  A slave (D:5)
  Jessica (D:3)
  A worker ant (D:5)
  4 adders
  3 gnolls (D:3)
  An ooze (D:2)
  3 worms (D:3)
  A giant gecko (D:1)
  2 orcs (D:3)
  A ball python (D:1)
  5 giant cockroaches
  8 goblins
  7 hobgoblins
  4 jackals (D:5)
  2 quokkas (D:3)
  6 bats
  7 giant newts
  5 kobolds
  11 rats
73 creatures vanquished.

Notes
Turn   | Place    | Note
--------------------------------------------------------------
     0 | D:1      | Inkary the Human Fighter began the quest for the Orb.
     0 | D:1      | Reached XP level 1. HP: 18/18 MP: 1/1
   217 | D:1      | Reached XP level 2. HP: 21/24 MP: 2/2
   387 | D:1      | Reached XP level 3. HP: 25/29 MP: 3/3
  1043 | D:2      | Reached XP level 4. HP: 32/35 MP: 4/4
  1733 | D:3      | Noticed Jessica
  1736 | D:3      | Reached XP level 5. HP: 41/41 MP: 5/5
  1745 | D:3      | Killed Jessica
  1864 | D:3      | Reached skill level 4 in Armour
  1884 | D:3      | Noticed a moth of wrath
  1887 | D:3      | Found a bloodstained altar of Trog.
  2475 | D:4      | You fall through a shaft for 2 floors!
  2508 | D:5      | Entered Level 5 of the Dungeon
  2510 | D:5      | Noticed a slave
  2511 | D:5      | Noticed a slave
  2523 | D:5      | Noticed Pikel
  2528 | D:5      | Noticed a slave
  2538 | D:5      | Reached XP level 6. HP: 23/48 MP: 6/6
  2549 | D:5      | Gained mutation: Your magical capacity is low (-10% MP). [potion of mutation]
  2549 | D:5      | Gained mutation: You are agile. (Dex +2) [potion of mutation]
  2549 | D:5      | Gained mutation: Your body sometimes deteriorates upon taking damage. [potion of mutation]
  2555 | D:5      | Killed a slave
  2557 | D:5      | Noticed a slave
  2565 | D:5      | Slain by Pikel

Skill      XL: |  1  2  3  4  5 |
---------------+----------------+-----
Long Blades    | 3 |  3.5
Armour         | 4 |  4.1
Fighting       | |  3.9
Shields        | |  3.8

Action                   |  1- 3 |  4- 6 || total
-------------------------+-------+-------++-------
Melee: Long sword        |   110 |   163 ||   273
  Use: Potion            |       |     5 ||     5
  Eat: Chunk             |     1 |     4 ||     5
Armor: Scale mail        |    64 |    67 ||   131
Dodge: Dodged            |    37 |    50 ||    87
Block: Shield            |    67 |   100 ||   167
